AoeStats
← IDOLO MAXIMO

Nomad

509708341Analyzed
4v4 RM · 5d ago on Sep 27, 2026· 56m 2s· 8 players
Game mode
Random Map
Map size
231×231
Population
200
Speed
Normal
Resources
Standard
Victory
Conquest
Starting age
Dark Age
Ending age
Imperial Age
RankedLock teamsTeams togetherTeam positionsShared explorationLock speedFull tech treeHidden civsTurbo modeCheats
Victory
Defeat
🇨🇳 Saxons · China
1100
+11
🇧🇪 Goths · Belgium
1028
+14
🇨🇳 Varangians · China
995
+15
🇨🇳 Spanish · China
896
+20
🇦🇷 Berbers · Argentina
1021
-17
🇦🇷 Inca · Argentina
1010
-16
🇦🇷 Vietnamese · Argentina
1009
-16
🇦🇷 Huns · Argentina
890
-11
AJ老师
3:20 Loom
15:36 Feudal Age
17:22 Wheelbarrow
16:59 Fishing Lines
21:43 Castle Age
21:33 Double-Bit Axe
25:31 Bow Saw
28:21 Gold Mining
28:21 Stone Mining
33:22 Imperial Age
31:12 Gillnets
33:41 Elite Jarl
33:42 Gothikon
34:43 Conscription
36:14 Hand Cart
36:41 Bloodlines
36:35 Husbandry
36:53 Forging
37:34 Scale Barding Armor
38:09 Iron Casting
40:38 Blast Furnace
39:58 Chain Barding Armor
41:03 Ballistics
41:44 Chemistry
40:50 Siege Engineers
43:13 Two-Man Saw
42:53 Stone Shaft Mining
feanor111
14:11 Loom
16:58 Feudal Age
19:59 Wheelbarrow
31:05 Castle Age
30:20 Double-Bit Axe
30:19 Horse Collar
31:09 Gold Mining
31:45 Forging
31:36 Scale Mail Armor
32:04 Fletching
33:24 Bow Saw
37:17 Heavy Plow
41:32 Imperial Age
40:13 Iron Casting
41:20 Fishing Lines
41:59 Anarchy
43:03 Gillnets
44:44 Blast Furnace
44:03 Chain Mail Armor
44:21 Hand Cart
43:52 Town Watch
44:36 Squires
45:28 Bodkin Arrow
48:03 Elite Huskarl
50:38 Town Patrol
叽里咕噜说啥呢
12:00 Loom
14:01 Feudal Age
20:55 Castle Age
19:12 Double-Bit Axe
19:11 Fishing Lines
19:57 Gold Mining
19:54 Horse Collar
23:19 Wheelbarrow
23:49 Gillnets
24:42 Fletching
26:11 Bow Saw
28:40 Bodkin Arrow
29:41 Stone Mining
30:26 Gold Shaft Mining
31:10 Padded Archer Armor
35:46 Imperial Age
34:37 Horse Collar
34:31 Crossbowman
37:24 Thumb Ring
37:53 Conscription
38:22 Bracer
39:23 Ballistics
41:26 Two-Man Saw
42:29 Chemistry
41:10 Treadmill Crane
41:40 Masonry
41:26 Murder Holes
42:32 Leather Archer Armor
43:39 Hand Cart
43:56 Ring Archer Armor
43:27 Scale Mail Armor
44:27 Arbalester
45:43 Town Watch
48:04 Shield Wall
49:56 Gambesons
50:11 Squires
50:37 Guilds
54:03 Elite Hearth Troop
54:05 Clerical Recruitment
56:18 Chain Mail Armor
56:13 Forging
NeeoNone
5:42 Loom
13:25 Feudal Age
14:01 Town Watch
15:26 Double-Bit Axe
18:33 Wheelbarrow
17:50 Horse Collar
21:01 Fishing Lines
23:23 Castle Age
22:11 Gold Mining
23:40 Fletching
25:09 Bodkin Arrow
25:15 Gillnets
26:29 Guard Tower
27:27 Bow Saw
27:22 Heavy Plow
27:59 Hand Cart
27:55 Padded Archer Armor
29:16 Ballistics
33:16 Thumb Ring
35:52 Imperial Age
37:50 Two-Man Saw
36:46 Elite Skirmisher
36:46 Heavy Mounted Crossbowman
37:36 Bracer
37:52 Leather Archer Armor
39:21 Chemistry
38:56 Keep
41:46 Conscription
42:33 Masonry
42:59 Keep
42:46 Husbandry
42:56 Bloodlines
42:07 Light Cavalry
42:21 Light Cavalry
56:16 Two-Man Saw
Tillo
9:49 Loom
12:35 Feudal Age
13:05 Double-Bit Axe
17:49 Horse Collar
21:17 Castle Age
19:13 Gold Mining
22:23 Crossbowman
23:14 Heavy Plow
23:28 Fletching
29:24 Ballistics
29:41 Bodkin Arrow
33:07 Wheelbarrow
32:17 Town Watch
33:14 Wheelbarrow
32:25 Town Watch
32:57 Thumb Ring
38:19 Imperial Age
36:01 Stone Mining
36:58 Treadmill Crane
37:21 Padded Archer Armor
38:33 Elite Skirmisher
40:36 Chemistry
40:02 Bracer
40:40 Arbalester
45:03 Imperial Skirmisher
51:22 Hand Cart
51:53 Leather Archer Armor
IDOLO MAXIMO
12:01 Loom
14:58 Feudal Age
27:33 Castle Age
25:31 Double-Bit Axe
25:39 Gold Mining
28:13 Fletching
38:17 Wheelbarrow
37:27 Town Watch
40:24 Gold Shaft Mining
39:36 Horse Collar
40:10 Bow Saw
46:46 Thumb Ring
50:11 Ballistics
Bisont
4:22 Loom
14:19 Feudal Age
15:41 Horse Collar
16:27 Man-at-Arms
20:14 Double-Bit Axe
25:54 Castle Age
25:24 Scale Mail Armor
25:30 Scale Barding Armor
25:36 Forging
30:46 Bow Saw
30:38 Heavy Plow
35:34 Wheelbarrow
38:50 Imperial Age
35:48 Light Cavalry
36:39 Bloodlines
36:29 Husbandry
37:44 Hand Cart
37:15 Town Watch
39:31 Cavalier
40:03 Heavy Camel Rider
41:38 Chain Barding Armor
42:54 Plate Barding Armor
42:21 Gold Mining
42:25 Stone Mining
46:33 Fletching
47:20 Iron Casting
53:11 Hussar
RageAgainstTheWachin
4:17 Loom
14:50 Feudal Age
17:57 Double-Bit Axe
17:47 Champi Runner
20:51 Horse Collar
23:41 Gold Mining
26:45 Castle Age
28:27 Fletching
31:57 Imperial Age
29:48 Scale Mail Armor
29:58 Forging
29:16 Champi Warrior
31:14 Arson
31:29 Squires
33:21 Conscription
35:42 Wheelbarrow
37:08 Chain Mail Armor
37:29 Iron Casting
43:51 Hand Cart
43:01 Elite Champi Warrior
53:51 Plate Mail Armor
Connection lost

Rejoining the realm…

Still unreachable

The connection could not be restored.

Session expired

The server has moved on; the page needs a fresh start.